 Dungeon Crawl Stone Soup version 0.30-a0-924-g0ad0bf95bc (webtiles) character file.

Game seed: 10323398422376845152

215 funkygono the Chopper (level 5, -1/47 HPs)
             Began as a Minotaur Fighter on Mar 22, 2023.
             Killed from afar by Sigmund (7 damage)
             ... with a puff of flame
             ... on level 3 of the Dungeon.
             The game lasted 00:02:01 (1806 turns).

funkygono the Chopper (Minotaur Fighter)            Turns: 1806, Time: 00:02:01

Health: -1/47      AC:  7    Str: 23    XL:     5   Next: 60%
Magic:  1/4        EV:  9    Int: 11    God:
Gold:   230        SH:  4    Dex:  9    Spells: 4/4 levels left

rFire   . . .      SeeInvis .    a - +0 war axe
rCold   . . .      Faith    .    c - +0 buckler
rNeg    . . .      Spirit   .    b - +0 scale mail
rPois   .          Reflect  .    (helmet restricted)
rElec   .          Rampage  .    (no cloak)
rCorr   .                        (no gloves)
Will    .....                    (no boots) Stlth
                                 (no amulet)
HPRegen 0.27/turn                r - +6 ring of intelligence
MPRegen 0.09/turn                (no ring)

@: no status effects
A: horns 2, retaliatory headbutt
a: no special abilities


You were on level 3 of the Dungeon.
You visited 1 branch of the dungeon, and saw 4 of its levels.

You collected 230 gold pieces.

Inventory:

Hand Weapons
 a - a +0 war axe (weapon)
Armour
 b - a +0 scale mail (worn)
 c - a +0 buckler (worn)
Jewellery
 r - a +6 ring of intelligence (left hand)
Wands
 s - a wand of quicksilver (11)
Scrolls
 e - 3 scrolls of identify {unknown}
 g - 3 scrolls of noise {unknown}
 h - 2 scrolls of teleportation {unknown}
 j - a scroll of poison {unknown}
 l - 2 scrolls of amnesia {unknown}
 o - 2 scrolls of vulnerability {unknown}
 p - 2 scrolls of enchant weapon {unknown}
Potions
 d - 3 potions of might
 f - a potion of lignification {unknown}
 i - a potion of flight {unknown}
 k - a potion of haste {unknown}
 m - a potion of degeneration {unknown}
 n - 3 potions of heal wounds
 q - 3 potions of brilliance {unknown}
 t - a potion of curing {unknown}
 u - a potion of resistance {unknown}


   Skills:
 + Level 4.3 Fighting
 + Level 5.2 Axes
 + Level 4.6 Armour
 + Level 0.6 Dodging
 + Level 4.5 Shields


You had 4 spell levels left.
You didn't know any spells.
Your spell library contained the following spells:

 Spells                   Type           Power      Damage    Failure   Level
 Sting                    Tmut/Pois      0%         1d3       75%         1
 Blink                    Tloc           0%         N/A       86%         2
 Poisonous Vapours        Pois/Air       0%         N/A       86%         2
 Olgreb's Toxic Radiance  Pois           0%         N/A       100%        4


Dungeon Overview and Level Annotations

Branches:
Dungeon (4/15)
 Temple: D:4-7

Altars:

Annotations:
D:3 Sigmund


Innate Abilities, Weirdness & Mutations

You have a pair of horns on your head.
You reflexively headbutt those who attack you in melee.


Message History

The magic dart hits you! Sigmund attacks as you move away!
Sigmund barely misses you.
Sigmund drinks a potion.
Sigmund is healed!
Sigmund hits you but does no damage.
You're too confused to move!
Sigmund hits you from afar with a +2 antimagic scythe!
* * * LOW HITPOINT WARNING * * *
You feel less confused. Sigmund closely misses you.
You hit Sigmund. Your headbutt misses Sigmund.
Sigmund is lightly wounded.
Sigmund points at you and mumbles some strange words.
The magic dart hits you but does no damage.
You closely miss Sigmund.
Sigmund is lightly wounded.
Sigmund gestures at you while chanting. The magic dart hits you!
* * * LOW HITPOINT WARNING * * *
You closely miss Sigmund.
Sigmund is lightly wounded.
Sigmund barely misses you. You furiously retaliate!
You headbutt Sigmund. You barely miss Sigmund.
Sigmund is moderately wounded.
Sigmund hits you with a +2 antimagic scythe.
* * * LOW HITPOINT WARNING * * *
You feel your power leaking away.
You barely miss Sigmund. Your headbutt misses Sigmund.
Sigmund is moderately wounded.
Sigmund casts a spell.
Sigmund flickers and vanishes!
Deactivating autopickup; reactivate with Ctrl-A.
You hit something but do no damage. You headbutt something!
Something hits you but does no damage.
You closely miss something. You headbutt something. You miss something.
You block something's attack.
You completely miss something.
You hear some strange, mumbled words.
A puff of flame appears from out of thin air!
The puff of flame hits you!
You die...

#.# ##........########## #..
#.####.......#|.........### #.#
.......##'##..#########...#####.#
.###..##)..##..# ###........ .#
#..#..†..#..### #######.# .#
#..#.....#..>.# #.#
.###..#.....#....# ##.#
......##.[.##....## ## #...
.####..#####....@.# . #... .#
##.........{..# #. #... .#
##.....#####.####. #... .#
###..##### ...... #... .# #...##
###..# #... .###.### ######..####
#... ..[..# ...........# #...
.###..# .....l.###.# #... ## ##.#
....... #.########


There were no monsters in sight!

Vanquished Creatures
  Pargi (D:3)
  A howler monkey (D:3)
  Jessica (D:3)
  An adder (D:2)
  A dart slug (D:1)
  2 ball pythons (D:1)
  4 endoplasms
  2 giant cockroaches (D:3)
  5 hobgoblins
  7 kobolds (D:1)
  5 quokkas
  4 bats
  4 frilled lizards
  4 goblins
  3 rats (D:1)
  A toadstool (D:1)
46 creatures vanquished.

Vanquished Creatures (others)
  6 fungi (D:1)
  2 toadstools (D:1)
8 creatures vanquished.

Grand Total: 54 creatures vanquished

Notes
Turn   | Place    | Note
-------+----------+-------------------------------------------
     0 | D:1      | funkygono the Minotaur Fighter began the quest for the Orb.
     0 | D:1      | Reached XP level 1. HP: 19/19 MP: 0/0
    48 | D:1      | Reached XP level 2. HP: 27/27 MP: 1/1
   216 | D:1      | Reached skill level 3 in Axes
   339 | D:1      | Reached XP level 3. HP: 29/33 MP: 2/2
   601 | D:2      | Identified the +0 robe "Xijo" {Rampage Fly rPois MP-9}
  1141 | D:2      | Identified the +0 chain mail "Cilucry" {Str+2}
  1412 | D:3      | Reached skill level 4 in Axes
  1412 | D:3      | Reached XP level 4. HP: 39/40 MP: 3/3
  1484 | D:3      | Noticed Sigmund
  1487 | D:3      | You fall into a shaft and drop 1 floor!
  1604 | D:3      | Noticed Jessica
  1610 | D:3      | Killed Jessica
  1620 | D:3      | Got Jessica's Codex of Wanderlust
  1668 | D:3      | Noticed Pargi
  1681 | D:3      | Killed Pargi
  1682 | D:3      | Reached skill level 5 in Axes
  1682 | D:3      | Reached XP level 5. HP: 22/47 MP: 4/4
  1806 | D:3      | Killed from afar by Sigmund

Illustrated notes

Levels and vault maps discovered:
D:1:      minmay_arrival_solitary_statue, layout_rooms, hex_intersection,
          minmay_gold_behind_fungi
D:2:      layout_basic, minmay_misc_feat_plants
D:3:      layout_rooms, kennysheep_jessica_study, uniq_sigmund, uniq_ijyb,
          uniq_pargi
D:4:      layout_basic, serial_bayou_ford_a

Skill      XL: |  1  2  3  4 |
---------------+-------------+-----
Fighting       | 4 |  4.3
Shields        | 4 |  4.5
Axes           | 3 4 5 |  5.2
Armour         | 4 |  4.6
Dodging        | |  0.6

Action                     |  1- 3 |  4- 6 || total
---------------------------+-------+-------++-------
  Melee: War axe           |    86 |    34 ||   120
         Headbutt          |     8 |     5 ||    13
 Armour: Scale mail        |    46 |    31 ||    77
  Dodge: Dodged            |    24 |    18 ||    42
  Block: Buckler           |    15 |    10 ||    25

Table legend: (Time is in decaauts)
 A = Elapsed time spent in this place.
 B = Non-inter-level travel time spent in this place.
 C = Inter-level travel time spent in this place.
 D = Time resting spent in this place.
 E = Time spent auto-exploring this place.
 F = Levels seen in this place.
 G = Mean time per level.
                   A        B        C        D        E       F      G
               +--------+--------+--------+--------+--------+-----+--------+
         Total |   1852 |   1806 |     46 |      0 |   1470 |   4 |  463.0 |
       Dungeon |   1852 |   1806 |     46 |      0 |   1470 |   4 |  463.0 |
               +--------+--------+--------+--------+--------+-----+--------+

Top non-repeatable levels by time:
     D:2: 804 daAuts
     D:1: 594 daAuts
     D:3: 371 daAuts
     D:4: 83 daAuts
